 Dungeon Crawl Stone Soup version 0.28-a0-811-g00180f5fcc (webtiles) character file.

Game seed: 15322667343418069613

52 Decritt the Skirmisher (level 3, -3/24 HPs)
             Began as a Gargoyle Fighter on Nov 8, 2021.
             Slain by a gnoll (7 damage)
             ... on level 2 of the Dungeon.
             The game lasted 00:03:06 (1351 turns).

Decritt the Skirmisher (Gargoyle Fighter)           Turns: 1351, Time: 00:03:06

Health: -3/24      AC: 11    Str: 20    XL:     3   Next: 85%
Magic:  3/3        EV:  9    Int:  8    God:
Gold:   20         SH:  4    Dex:  9    Spells: 2/2 levels left

rFire   . . .      SeeInvis .   a - +0 flail
rCold   . . .      Faith    .   c - +0 buckler
rNeg    + . .      Spirit   .   b - +0 scale mail
rPois   ∞          Reflect  .   k - +0 helmet
rElec   +          Harm     .   (no cloak)
rCorr   .          Rampage  .   (no gloves)
Will    .....                   (no boots)
Stlth   ..........              (no amulet)
HPRegen 0.08/turn               (no ring)
MPRegen 0.08/turn               (no ring)

@: no status effects
A: sickness immunity, AC +3, negative energy resistance 1, electricity
resistance, torment resistance 1, petrification resistance
a: no special abilities


You were on level 2 of the Dungeon.
You visited 1 branch of the dungeon, and saw 2 of its levels.

You collected 20 gold pieces.

Inventory:

Hand Weapons
 a - a +0 flail (weapon)
Armour
 b - a +0 scale mail (worn)
 c - a +0 buckler (worn)
 k - a +0 helmet (worn)
Jewellery
 l - a ring of fire
Scrolls
 f - a scroll of identify {unknown}
 i - 2 scrolls of teleportation {unknown}
 m - a scroll of noise {unknown}
Potions
 d - a potion of might
 g - a potion of flight {unknown}
 h - a potion of haste {unknown}
 j - a potion of lignification {unknown}
 n - a potion of curing {unknown}


   Skills:
 + Level 3.7 Fighting
 * Level 3.0 Maces & Flails
 + Level 3.7 Armour
 + Level 3.7 Shields


You had 2 spell levels left.
You didn't know any spells.
Your spell library contained the following spells:

 Spells                   Type           Power      Damage    Failure   Level
 Sandblast                Erth           0%         2d4       77%         1
 Passwall                 Tmut/Erth      0%         N/A       88%         2
 Stone Arrow              Conj/Erth      0%         3d7       98%         3


Dungeon Overview and Level Annotations

Branches:
Dungeon (2/15)

Altars:


Innate Abilities, Weirdness & Mutations

You are immune to sickness and miasma.
Your stone body is resilient. (AC +3)
You are immune to poison.
You resist negative energy. (rN+)
You are resistant to electric shocks. (rElec)
You are resistant to unholy torment.
You are immune to petrification.


Message History

The gnoll moves out of view.
A gnoll comes into view. It is wielding a +0 spear.
You see here a throwing net.
There are monsters nearby!
A hobgoblin comes into view.
The gnoll moves out of view.
You throw a poisoned dart. The poisoned dart hits the hobgoblin.
You throw a poisoned dart. The poisoned dart hits the worm.
The worm is poisoned.
A gnoll comes into view. It is wielding a +0 whip.
The worm bites you but does no damage.
You see here a throwing net.
You hit the worm.
The worm is moderately wounded.
You block the worm's attack. The hobgoblin closely misses you.
You barely miss the hobgoblin. The hobgoblin completely misses you.
You closely miss the hobgoblin. The gnoll hits you but does no damage.
The hobgoblin hits you but does no damage.
You sock the hobgoblin!
You kill the hobgoblin!
The worm looks more healthy.
The gnoll throws a throwing net.
The throwing net hits you.
You become entangled in the net!
The gnoll hits you from afar with a +0 spear. x2
You struggle against the net.
The gnoll hits you from afar with a +0 spear.
You are held in a net!
You struggle against the net.
The worm bites you but does no damage. The gnoll barely misses you.
You struggle against the net.
The worm bites you but does no damage.
The gnoll hits you from afar with a +0 spear.
* * * LOW HITPOINT WARNING * * *
You struggle against the net.
The gnoll hits you but does no damage.
You rip the net and break free!
The worm bites you.
* * * LOW HITPOINT WARNING * * *
The gnoll hits you but does no damage. The gnoll hits you with a +0 club.
* * * LOW HITPOINT WARNING * * *
The gnoll hits you from afar with a +0 spear!
You die...

#.#.# #w# #.#.#
#.# #.#.#
#.######## #.#
#.....(..# #.#
#........#
#.###........#
#.#..g########
####.#g#######
#...@†........
#......#######
#### #......#
.... #......#
### #......#
####......#
#.........#
#.........# #
###.....†...##.#


You could see 2 gnolls.

Vanquished Creatures
  2 adders (D:2)
  5 endoplasms (D:1)
  A giant cockroach (D:1)
  4 hobgoblins
  A quokka (D:2)
  4 bats
  A frilled lizard (D:1)
  4 goblins
  3 kobolds
  8 rats
33 creatures vanquished.

Notes
Turn   | Place    | Note
-------+----------+-------------------------------------------
     0 | D:1      | Decritt the Gargoyle Fighter began the quest for the Orb.
     0 | D:1      | Reached XP level 1. HP: 14/14 MP: 1/1
   209 | D:1      | Reached XP level 2. HP: 19/19 MP: 2/2
   511 | D:1      | Found a faded altar of an unknown god.
   650 | D:1      | Reached XP level 3. HP: 23/23 MP: 3/3
  1351 | D:2      | Slain by a gnoll

Illustrated notes

Levels and vault maps discovered:
D:1:      tarquinn_simple_flora_water_c, layout_basic,
          hellmonk_ecumenical_altar_leap_of_faith
D:2:      layout_basic, uniq_crazy_yiuf_cottage

Skill      XL: |  1  2  3 |
---------------+----------+-----
Maces & Flails | 3 |  3.0
Fighting       | |  3.7
Armour         | |  3.7
Shields        | |  3.7

Action                   || total
-------------------------++-------
Melee: Flail             ||   138
Throw: Dart              ||    40
Armor: Scale mail        ||    83
Dodge: Dodged            ||    75
Block: Buckler           ||    28

Table legend: (Time is in decaauts)
 A = Elapsed time spent in this place.
 B = Non-inter-level travel time spent in this place.
 C = Inter-level travel time spent in this place.
 D = Time resting spent in this place.
 E = Time spent auto-exploring this place.
 F = Levels seen in this place.
 G = Mean time per level.
                   A        B        C        D        E       F      G
               +--------+--------+--------+--------+--------+-----+--------+
         Total |   1391 |   1359 |     32 |      0 |   1015 |   2 |  695.5 |
       Dungeon |   1391 |   1359 |     32 |      0 |   1015 |   2 |  695.5 |
               +--------+--------+--------+--------+--------+-----+--------+

Top non-repeatable levels by time:
     D:1: 909 daAuts
     D:2: 482 daAuts
